 Dungeon Crawl Stone Soup version 0.31-a0-703-gcfe89afef6 (webtiles) character file.

Game seed: 9573964503443032854

282 qw the Shooter (level 6, -3/38 HPs)
             Began as a Gargoyle Hunter on Sept 8, 2023.
             Slain by a gnoll
             ... wielding a +0 halberd
             ... led by a gnoll bouda
              (8 damage)
             ... on level 4 of the Dungeon.
             The game lasted 00:01:03 (2458 turns).

qw the Shooter (Gargoyle Hunter)                    Turns: 2458, Time: 00:01:03

Health: -3/38      AC: 10    Str: 15    XL:     6   Next: 28%
Magic:  6/6        EV: 11    Int:  9    God:
Gold:   203        SH:  0    Dex: 21    Spells: 5/5 levels left

rFire   . . .        Y - +0 shortbow
rCold   . . .        (shield currently unavailable)
rNeg    + . .        h - +0 ring mail
rPois   inf          (no helmet)
rElec   +            l - +0 cloak
rCorr   .            (no gloves)
SInv    .            (no boots)
Will    .....        (no amulet)
Stlth   +            k - +6 ring of dexterity
HPRegen 0.26/turn    (no ring)
MPRegen 0.10/turn

%: no passive effects
@: no status effects
A: sickness immunity, AC +4, negative energy resistance 1, electricity
resistance, torment resistance 1, petrification resistance
a: no special abilities


You were on level 4 of the Dungeon.
You visited 1 branch of the dungeon, and saw 4 of its levels.

You collected 203 gold pieces.


Innate Abilities, Weirdness & Mutations

You are immune to sickness and miasma.
Your stone body is resilient. (AC +4)
You are immune to poison.
You resist negative energy. (rN+)
You are resistant to electric shocks. (rElec)
You are resistant to unholy torment.
You are immune to petrification.


   Skills:
 - Level 4.2 Fighting
 + Level 6.1 Ranged Weapons
 - Level 1.0 Armour
 - Level 2.1 Dodging
 - Level 1.1 Stealth


You had 5 spell levels left.
You didn't know any spells.
Your spell library was empty.

Inventory:

Hand Weapons
 Y - a +0 shortbow (weapon)
Armour
 h - a +0 ring mail (worn)
 l - a +0 cloak (worn)
Jewellery
 j - a ring of fire
 k - a +6 ring of dexterity (left hand)
Scrolls
 f - a scroll of enchant weapon {unknown}
 m - a scroll of identify
Potions
 a - a potion of mutation {unknown}
 b - a potion of heal wounds {unknown}
 c - 2 potions of haste
 d - a potion of might {unknown}
 e - 4 potions of curing
 g - a potion of resistance {unknown}
 i - a potion of lignification {unknown}

Dungeon Overview and Level Annotations

Branches:
Dungeon (4/15)
 Temple: D:4-7

Altars:


Message History

The arrow hits the gnoll but does no damage.
A gnoll comes into view. It is wielding a +0 flail.
You shoot an arrow. The arrow hits the gnoll!
The gnoll is heavily wounded.
A gnoll comes into view. It is wielding a +0 halberd.
You shoot an arrow. The gnoll shouts!
The arrow hits the gnoll.
You kill the gnoll!
You feel yourself slow down.
You shoot an arrow. The arrow hits the gnoll.
The gnoll is moderately wounded.
You shoot an arrow. The arrow closely misses the gnoll.
The gnoll hits you but does no damage.
You shoot an arrow. The arrow hits the gnoll!
The gnoll is almost dead.
The gnoll barely misses you.
You shoot an arrow. The arrow hits the gnoll.
The gnoll is heavily wounded.
The gnoll hits you with a +0 flail.
The gnoll hits you from afar with a +0 halberd!
You shoot an arrow.
The arrow hits the gnoll but does no damage.
The gnoll is heavily wounded.
The gnoll hits you from afar with a +0 halberd.
The gnoll hits you with a +0 flail. The gnoll closely misses you.
You shoot an arrow. The arrow barely misses the gnoll.
The gnoll hits you but does no damage.
The gnoll hits you from afar with a +0 halberd!
You shoot an arrow. The arrow hits the gnoll!
You kill the gnoll!
The gnoll hits you from afar with a +0 halberd.
You shoot an arrow. The arrow barely misses the gnoll.
The gnoll hits you but does no damage.
You shoot an arrow. The arrow barely misses the gnoll.
The gnoll hits you but does no damage.
You shoot an arrow. The arrow closely misses the gnoll.
The gnoll is no longer moving quickly.
The gnoll closely misses you.
The gnoll hits you from afar with a +0 halberd!
You die...

#...# # #...# # #...# #
#...# # ) ###### #...# #
..####....###...# #
.........)..%|..# #
...)...)........## ##
.....g.@......<..## #.
...####.......[...#####.
##................
##[.####<.|...|.. ####
######.... ##### #


You could see a gnoll.

Vanquished Creatures
  An orc priest (D:3)
  An iguana (D:4)
  Jessica (D:2)
  A gnoll bouda (D:4)
  2 adders
  6 gnolls (D:4)
  2 worms
  2 dart slugs (D:2)
  5 orcs
  11 endoplasms
  2 giant cockroaches (D:1)
  3 goblins (D:1)
  10 hobgoblins
  5 jackals (D:3)
  5 kobolds
  4 quokkas
  9 ball pythons
  4 bats
  A frilled lizard (D:1)
  6 rats
81 creatures vanquished.

Notes
Turn   | Place    | Note
-------+----------+-------------------------------------------
     0 | D:1      | qw the Gargoyle Hunter began the quest for the Orb.
     0 | D:1      | Reached XP level 1. HP: 12/12 MP: 1/1
     0 | D:1      | 0 ||| qw: Version: 0.3-a-76-g4403597
     0 | D:1      | 0 ||| qw: Game counter: 1272
     0 | D:1      | 0 ||| qw: Melee chars always use a shield: true
     0 | D:1      | 0 ||| qw: God list: Okawaru
     0 | D:1      | 0 ||| qw: Allow faded altars: false
     0 | D:1      | 0 ||| qw: Do Orc after clearing Dungeon:15 true
     0 | D:1      | 0 ||| qw: Do second Lair branch before Depths: true
     0 | D:1      | 0 ||| qw: Lair rune preference: random
     0 | D:1      | 0 ||| qw: Goals: Normal
     0 | D:1      | 0 ||| PLANNING D:1-11
   111 | D:1      | Reached XP level 2. HP: 17/17 MP: 2/2
   131 | D:1      | 131 ||| READING scroll labelled NIOTWO ATARCHIBUWIC.
   132 | D:1      | 132 ||| READING scroll labelled ZATUNK BOYNEIKIO.
   133 | D:1      | 133 ||| READING scroll labelled JEVEQI JEZE.
   134 | D:1      | 134 ||| READING scroll labelled IPTOITIAGH.
   187 | D:1      | Found a faded altar of an unknown god.
   319 | D:1      | Reached XP level 3. HP: 21/21 MP: 3/3
   341 | D:1      | Reached skill level 5 in Ranged Weapons
   450 | D:1      | 450 ||| READING scroll labelled URUM DUWAI.
   451 | D:1      | 451 ||| DRINKING 5 inky potions.
   452 | D:1      | 452 ||| DROPPING scroll of butterflies.
   626 | D:2      | Noticed Jessica
   635 | D:2      | Killed Jessica
   636 | D:2      | Reached skill level 3 in Fighting
   636 | D:2      | Reached XP level 4. HP: 22/28 MP: 4/4
  1107 | D:2      | 1107 ||| UPGRADING to +0 ring mail.
  1117 | D:2      | 1117 ||| DROPPING +0 leather armour.
  1118 | D:2      | 1118 ||| READING 2 scrolls labelled QAZAIT FECUHIXZO.
  1119 | D:2      | 1119 ||| DROPPING scroll of noise.
  1436 | D:3      | Reached skill level 1 in Armour
  1465 | D:3      | Reached XP level 5. HP: 24/32 MP: 5/5
  2055 | D:3      | 2055 ||| UPGRADING to +0 cloak.
  2060 | D:3      | 2060 ||| READING scroll labelled MOEM MEHEULAC.
  2249 | D:4      | Reached skill level 6 in Ranged Weapons
  2335 | D:4      | 2335 ||| FLEEEEING.
  2337 | D:4      | 2337 ||| FLEEEEING.
  2338 | D:4      | 2338 ||| STAIRDANCE
  2401 | D:3      | 2401 ||| UPGRADING to +6 ring of dexterity.
  2402 | D:3      | 2402 ||| DRINKING 3 emerald potions.
  2403 | D:3      | 2403 ||| DRINKING 3 coppery potions.
  2404 | D:3      | 2404 ||| DROPPING 2 potions of attraction.
  2413 | D:4      | Reached XP level 6. HP: 38/38 MP: 6/6
  2454 | D:4      | HP: 5/38 [gnoll/+0 halberd[a gnoll bouda] (10)]
  2458 | D:4      | Slain by a gnoll

Levels and vault maps discovered:
D:1:      eino_arrival_water_cross, layout_basic, basic_ecumenical_altar,
          reono_crystal_passage, minmay_pentomino_u4
D:2:      layout_loops_cross, uniq_jessica
D:3:      layout_basic
D:4:      layout_layer_cave

Skill      XL: |  1  2  3  4  5  6 |
---------------+-------------------+-----
Ranged Weapons | 5 6 |  6.1
Fighting       | 3 4 |  4.2
Armour         | 1 |  1.0
Dodging        | 2 |  2.1
Stealth        | |  1.1

Action                     |  1- 3 |  4- 6 || total
---------------------------+-------+-------++-------
   Fire: Shortbow          |   102 |   135 ||   237
    Use: Scroll            |     5 |     2 ||     7
         Potion            |     1 |     2 ||     3
 Armour: Leather armour    |    20 |     8 ||    28
         Ring mail         |       |    27 ||    27
  Dodge: Dodged            |    21 |    31 ||    52

Table legend:
 A = Non-vault XP
 B = Vault XP
 C = Vault XP percentage of total XP
 D = Non-vault monster count
 E = Vault monster count
 F = Vault count percentage of total count
                 A         B        C        D         E       F
            +---------+---------+-------+---------+---------+-------
      Total |     360 |      43 |  10.7 |      77 |       4 |   4.9
            +---------+---------+-------+---------+---------+-------
        D:1 |      39 |       6 |  13.3 |      24 |       3 |  11.1
        D:2 |      52 |      37 |  41.6 |      20 |       1 |   4.8
        D:3 |      75 |       0 |   0.0 |      16 |       0 |   0.0
        D:4 |     194 |       0 |   0.0 |      17 |       0 |   0.0
            +---------+---------+-------+---------+---------+-------
